 Dungeon Crawl Stone Soup version 0.30.1-9-gdf580d7c3d (webtiles) character file.

Game seed: 12281977142878678443

19174 Peloso the Carver (level 12, -3/110 HPs)
             Began as a Minotaur Fighter on Oct 23, 2023.
             Was a High Priest of Okawaru.
             Slain by a death yak (17 damage)
             ... in an ice cave.
             The game lasted 00:23:13 (13424 turns).

Peloso the Carver (Minotaur Fighter)               Turns: 13424, Time: 00:23:14

Health: -3/110     AC: 17    Str: 23    XL:     12   Next: 34%
Magic:  10/11      EV:  8    Int:  5    God:    Okawaru [*****.]
Gold:   586        SH: 12    Dex: 13    Spells: 11/11 levels left

rFire   + . .        a - +1 long sword (elec)
rCold   + + .        d - +1 kite shield {rC+}
rNeg    . . .        E - +0 plate armour
rPois   .            J - +0 hat {Will+}
rElec   .            I - +0 cloak
rCorr   .            (no gloves)
SInv    .            (no boots)
Will    +....        (no amulet) Stlth
                     t - ring of protection from fire
HPRegen 0.38/turn    C - ring of protection from cold
MPRegen 0.12/turn

%: no passive effects
@: no status effects
A: horns 2, retaliatory headbutt
a: Renounce Religion, Heroism, Finesse, Duel


You were in an ice cave.
You worshipped Okawaru.
Okawaru was extremely pleased with you.
You visited 3 branches of the dungeon, and saw 13 of its levels.
You also visited: Ossuary and Ice Cave.

You collected 624 gold pieces.
You spent 38 gold pieces at shops.

Inventory:

Hand Weapons
 a - a +1 long sword of electrocution (weapon)
 b - a +1 war axe of flaming
 c - a +4 falchion
Missiles
 F - a throwing net (quivered)
Armour
 d - a +1 kite shield of cold resistance (worn)
 A - a +0 chain mail
 E - a +0 plate armour (worn)
 I - a +0 cloak (worn)
 J - a +0 hat of willpower (worn)
Jewellery
 t - a ring of protection from fire (left hand)
 C - a ring of protection from cold (right hand)
Wands
 e - a wand of polymorph (12)
 g - a wand of digging (9)
 p - a wand of flame (24)
 y - a wand of roots (6)
 G - a wand of quicksilver (2)
Scrolls
 h - 5 scrolls of teleportation
 j - 5 scrolls of poison
 k - a scroll of butterflies
 n - 3 scrolls of brand weapon
 r - a scroll of enchant weapon
 u - 3 scrolls of immolation
 v - a scroll of noise
 w - a scroll of silence
 D - a scroll of enchant armour
 H - 3 scrolls of identify
Potions
 f - 3 potions of mutation
 i - 4 potions of lignification {unknown}
 l - a potion of flight
 m - 4 potions of curing {unknown}
 o - a potion of invisibility {unknown}
 q - 2 potions of cancellation {unknown}
 s - 2 potions of ambrosia
 x - 2 potions of brilliance {unknown}
 z - 2 potions of might
 B - 3 potions of heal wounds {unknown}
Miscellaneous
 K - a tin of tremorstones (2/2)


   Skills:
 + Level 11.3 Fighting
 + Level 14.5 Long Blades
 + Level 13.5 Armour
 + Level 3.7 Dodging
 + Level 2.4 Stealth
 + Level 9.6 Shields
 + Level 0.2 Invocations
 + Level 0.6 Evocations


You had 11 spell levels left.
You didn't know any spells.
Your spell library contained the following spells:

 Spells                   Type           Power      Damage    Failure   Level
 Freeze                   Ice            0%         1d3       100%        1
 Necrotise                Necr           0%         1d4       100%        1
 Blink                    Tloc           0%         N/A       100%        2
 Lesser Beckoning         Tloc           0%         N/A       100%        2
 Momentum Strike          Conj/Tloc      0%         3d8       100%        2
 Dazzling Flash           Conj/Hex       0%         N/A       100%        3
 Frozen Ramparts          Ice            0%         1d1       100%        3
 Hailstorm                Conj/Ice       0%         3d3       100%        3
 Vampiric Draining        Necr           0%         2d6       100%        3
 Agony                    Necr           0%         N/A       100%        5
 Silence                  Hex/Air        0%         N/A       100%        5
 Storm Form               Tmut/Air       0%         N/A       100%        7
 Maxwell's Capacitive Co  Air            0%         ∞         100%        8
 Summon Lightning Spire   Summ/Air       Unusable   N/A       N/A         4

Dungeon Overview and Level Annotations

Branches:
Dungeon (11/15)            Temple (1/1) D:4            Lair (0/5) D:11
    Orc (1/2) D:9         Ossuary (visited)           IceCv (1/1)

Altars:
Ashenzari
Cheibriados
Dithmenos
Elyvilon
Fedhas
Gozag
Hepliaklqana
Kikubaaqudgha
Makhleb
Nemelex Xobeh
Okawaru
Qazlal
Ru
Sif Muna
Trog
Uskayaw
Vehumet
Wu Jian
Xom
Yredelemnul
Zin
The Shining One

Shops:
D:1 !   D:4 =!([   D:5 (   D:6 [   D:10 *=

Annotations:
D:5 2 transporters, ruby's ghost, novice DENe


Innate Abilities, Weirdness & Mutations

You have a pair of horns on your head.
You reflexively headbutt those who attack you in melee.


Message History

As you read the scroll of teleportation, it crumbles to dust.
You feel strangely unstable.
You feel like a meek peon again. You block the death yak's attack.
Unknown command.
You hit the death yak but do no damage.
Lightning courses through the death yak!!
You kill the death yak!
Okawaru is honoured by your kill.
The ironbound frostheart calls freezing cold from the walls.
The frost grips you. You resist.
You are encased in ice.
The ironbound frostheart touches you. The ironbound frostheart freezes you.
You resist.
You see here a death yak corpse.
You barely miss the ironbound frostheart.
Your headbutt misses the ironbound frostheart.
The ice encasing you melts away.
The ironbound frostheart calls freezing cold from the walls.
The frost grips you. You resist.
You are encased in ice.
You hear a howl!
You hit the ironbound frostheart but do no damage.
You headbutt the ironbound frostheart, but do no damage.
The ironbound frostheart calls freezing cold from the walls.
The frost grips you! You resist.
* * * LOW HITPOINT WARNING * * *
Unknown command.
You barely miss the ironbound frostheart.
Your surroundings suddenly seem different. 3 death yaks come into view.
Found a quarterstaff of freezing and a short runed staff.
The death yak bellows! x2
Unknown command.
The ice encasing you melts away. The death yak gores you!
* * * LOW HITPOINT WARNING * * *
The death yak gores you but does no damage. x2
The death yak gores you!
You die...

##.§# ##§##
#§## #§.##
###.# ## #.#
##.## #.#
#)Y.# ##.#
#.⌠@# ##..##
#|YY...#.∩..#
##.#..###..##
.# ### ##.#
.# #†# ## #p#
#.Yhp..##
#..Y.#Y ##.p
#!


You could see 3 death yaks.

Vanquished Creatures
  Harold (D:9)
  A two-headed ogre (D:10)
  A death yak (IceCv)
  Pikel (D:7)
  5 elephants
  Maurice (D:9)
  A rime drake (IceCv)
  Maggie (D:8)
  A troll (D:10)
  Grinder (D:3)
  A hornet (D:9)
  8 polar bears (IceCv)
  Prince Ribbit (D:7)
  A slime creature (D:7)
  Sigmund (D:3)
  A wraith (D:9)
  2 shadows
  2 basilisks (D:11)
  31 yaks
  2 wyverns
  A steam dragon (D:8)
  Menkaure (D:7)
  Duvessa (D:6)
  2 acid dragons
  A hornet zombie (D:6)
  2 black bears
  Pargi (D:3)
  3 orc warriors
  A sky beast (D:6)
  An ice beast (D:6)
  An ogre (D:6)
  12 wolves (IceCv)
  4 lemures (D:7)
  3 centaurs
  2 kobold brigands
  2 gnoll sergeants
  2 bullfrogs
  A wyvern zombie (D:6)
  3 necrophages (D:6)
  4 scorpions
  6 water moccasin zombies (Ossuary)
  Dowan (D:6)
  7 wights
  7 killer bees (D:9)
  4 howler monkeys
  A bullfrog zombie (D:6)
  A hound (D:6)
  A human zombie (D:6)
  6 orc priests
  8 jellies
  A gnoll bouda (D:7)
  Terence (D:3)
  An iguana (D:6)
  Natasha (D:2)
  9 orc wizards
  A spriggan simulacrum (D:11)
  A troll simulacrum (D:11)
  A killer bee zombie (D:6)
  5 mummies
  12 gnolls
  9 adders
  2 naga simulacra (D:11)
  2 white imps
  2 ufetubi
  6 adder zombies (Ossuary)
  5 worms
  34 orcs
  21 endoplasms
  A giant cockroach (D:2)
  5 gnoll zombies (Ossuary)
  4 goblins
  7 hobgoblins
  6 jackals
  24 kobolds
  2 quokkas
  6 ball pythons
  6 bats
  A frilled lizard (D:2)
  5 hobgoblin zombies (Ossuary)
  7 kobold zombies (Ossuary)
  5 orc zombies (Ossuary)
  2 quokka zombies (D:4)
  5 rats
354 creatures vanquished.

Notes
Turn   | Place    | Note
-------+----------+-------------------------------------------
     0 | D:1      | Peloso the Minotaur Fighter began the quest for the Orb.
     0 | D:1      | Reached XP level 1. HP: 19/19 MP: 0/0
    33 | D:1      | Found Juch's Distillery.
    44 | D:1      | Bought a potion of degeneration for 12 gold pieces
   191 | D:1      | Reached XP level 2. HP: 27/27 MP: 1/1
   536 | D:2      | Reached XP level 3. HP: 31/33 MP: 2/2
   781 | D:2      | Reached skill level 3 in Long Blades
   931 | D:2      | Noticed Natasha
   940 | D:2      | Killed Natasha
   941 | D:2      | Reached XP level 4. HP: 29/40 MP: 3/3
  1147 | D:3      | Noticed Sigmund
  1151 | D:3      | Killed Sigmund
  1152 | D:3      | Reached skill level 4 in Long Blades
  1152 | D:3      | Reached skill level 5 in Armour
  1152 | D:3      | Reached skill level 1 in Dodging
  1152 | D:3      | Reached XP level 5. HP: 36/47 MP: 4/4
  1223 | D:3      | Noticed Grinder
  1224 | D:3      | Noticed Pargi
  1230 | D:3      | Paralysed by Grinder for 4 turns
  1241 | D:3      | Killed Pargi
  1242 | D:3      | Reached skill level 5 in Long Blades
  1242 | D:3      | Reached XP level 6. HP: 37/53 MP: 5/5
  1260 | D:3      | Killed Grinder
  1261 | D:3      | Reached skill level 6 in Long Blades
  1261 | D:3      | Reached XP level 7. HP: 15/60 MP: 6/6
  1482 | D:3      | Noticed Terence
  1489 | D:3      | Killed Terence
  1529 | D:3      | You fall into a shaft and drop 3 floors!
  1755 | D:6      | Reached skill level 7 in Long Blades
  1797 | D:6      | Reached skill level 5 in Fighting
  1893 | D:6      | Identified the +2 robe of Aqiwnaamn {+Inv}
  2152 | D:5      | Entered Level 5 of the Dungeon
  2175 | D:6      | Reached skill level 8 in Long Blades
  2175 | D:6      | Reached XP level 8. HP: 60/69 MP: 7/7
  2581 | D:5      | Found Iphaen's Antique Weapon Shoppe.
  2652 | D:4      | Found Ixzin's Armour Shop.
  2652 | D:4      | Found Qybbip's Distillery.
  2660 | D:4      | Found Jieqicvu's Antique Weapon Shop.
  2662 | D:4      | Found Renucledy's Jewellery Shop.
  2704 | D:4      | Reached skill level 5 in Shields
  2911 | D:4      | Found a sand-covered staircase.
  2919 | Ossuary  | Entered an ossuary
  3326 | D:4      | Found a staircase to the Ecumenical Temple.
  3339 | Temple   | Entered the Ecumenical Temple
  3543 | D:4      | Reached skill level 9 in Long Blades
  3667 | D:4      | Found a burning altar of Makhleb.
  3669 | D:4      | Noticed a balrug
  4196 | D:3      | Found a faded altar of an unknown god.
  4592 | D:5      | Found an opulent altar of Gozag.
  4646 | D:5      | Noticed ruby's ghost (novice DENe)
  4662 | D:5      | Found a transporter.
  4667 | D:5      | Found a transporter.
  5071 | D:6      | Found Qong's Armour Shop.
  5100 | D:6      | Noticed Dowan
  5100 | D:6      | Noticed Duvessa
  5108 | D:6      | Killed Duvessa
  5109 | D:6      | Reached XP level 9. HP: 69/78 MP: 8/8
  5116 | D:6      | Killed Dowan
  5500 | D:6      | Found a sacrificial altar of Ru.
  5724 | D:6      | Reached skill level 10 in Long Blades
  5755 | D:6      | Found an ancient bone altar of Kikubaaqudgha.
  6000 | D:7      | Noticed Pikel
  6031 | D:7      | Killed Pikel
  6271 | D:7      | Noticed Menkaure
  6285 | D:7      | Killed Menkaure
  6433 | D:7      | Noticed Prince Ribbit
  6446 | D:7      | Killed Prince Ribbit
  6447 | D:7      | Reached skill level 11 in Long Blades
  6794 | D:7      | Reached XP level 10. HP: 36/88 MP: 9/9
  7383 | D:8      | Found an iron altar of Okawaru.
  7420 | D:8      | Reached skill level 12 in Long Blades
  7420 | D:8      | Reached skill level 10 in Armour
  7431 | D:8      | Became a worshipper of Warmaster Okawaru
  8327 | D:8      | Found a blossoming altar of Fedhas.
  8753 | D:8      | Noticed Maggie
  8760 | D:8      | Killed Maggie
  8760 | D:8      | Reached * piety under Okawaru
  9135 | D:9      | Reached skill level 1 in Stealth
  9167 | D:9      | Reached ** piety under Okawaru
  9174 | D:9      | Found a staircase to the Orcish Mines.
  9382 | D:9      | Noticed Harold
  9400 | D:9      | Killed Harold
  9401 | D:9      | Reached XP level 11. HP: 80/97 MP: 7/10
  9471 | D:9      | Reached skill level 13 in Long Blades
 10094 | D:9      | Noticed Maurice
 10102 | D:9      | Killed Maurice
 10280 | Orc:1    | Entered Level 1 of the Orcish Mines
 10317 | D:10     | Entered Level 10 of the Dungeon
 10429 | D:10     | Reached skill level 10 in Fighting
 10552 | D:10     | Reached *** piety under Okawaru
 10874 | D:10     | Reached **** piety under Okawaru
 11406 | D:10     | Found Setopiro's Jewellery Shoppe.
 11407 | D:10     | Found Appusotz's Assorted Antiques.
 11414 | D:10     | Bought a viscous black potion for 26 gold pieces
 11482 | D:10     | Noticed a two-headed ogre
 11487 | D:10     | Killed a two-headed ogre
 11924 | D:11     | Found a staircase to the Lair.
 11976 | D:11     | Reached ***** piety under Okawaru
 11977 | D:11     | Reached skill level 14 in Long Blades
 12063 | D:11     | Found a frozen archway.
 12196 | IceCv    | Entered an ice cave
 12626 | IceCv    | Reached XP level 12. HP: 101/108 MP: 11/11
 13045 | IceCv    | Received a gift from Okawaru
 13403 | IceCv    | Noticed an ironbound frostheart
 13403 | IceCv    | Noticed a death yak
 13403 | IceCv    | Noticed a death yak
 13403 | IceCv    | Noticed a death yak
 13403 | IceCv    | Noticed an ironbound frostheart
 13419 | IceCv    | Killed a death yak
 13423 | IceCv    | Noticed a death yak
 13423 | IceCv    | Noticed a death yak
 13423 | IceCv    | Noticed a death yak
 13424 | IceCv    | Slain by a death yak

Illustrated notes

Levels and vault maps discovered:
D:1:      dpeg_arrival_shelter, layout_basic, serial_shops, nicolae_shop_stone
D:2:      layout_rooms, uniq_natasha
D:3:      layout_basic, dilly_ecumenical_altar_fadedgnrine, uniq_terence,
          uniq_sigmund, uniq_pargi, uniq_grinder
D:4:      layout_loops_ring, makhleb_altar_promises_db,
          minmay_temple_entry_statues_fountains, enter_ossuary_4,
          minmay_shop_grid_forest
D:5:      layout_basic, overflow_temple_1_default, gammafunk_ghost_hive,
          serial_shops, nicolae_shop_behind_doors, palyth_stone_intersect
D:6:      layout_basic, mainiacjoe_overflow_cross_hatched,
          lemuel_mausoleum_altar_kikubaaqudgha, serial_glass, glass_columns_a,
          glass_columns_a, serial_shops, shop_statue, minmay_unpleasant_kobolds,
          uniq_duvessa
D:7:      lemuel_slime, layout_loops_ring, uniq_menkaure, uniq_pikel,
          uniq_prince_ribbit1
D:8:      layout_basic, kennysheep_mini_moat, nicolae_overflow_crystal_walls,
          uniq_maggie
D:9:      layout_basic, orc_0_dummy, minmay_starry_boxes, uniq_harold,
          uniq_maurice
D:10:     wad_woods_tower, layout_loops_corners, nicolae_wooded_promenade,
          abandoned_shop, nicolae_figureground_pulse
D:11:     layout_cave_pods, david_lair_generic,
          portal_ice_cave_entry_ice_simulacra
Temple:   nicolae_temple_bog_church
Orc:1:    layout_caves, ebering_ghost_inner_flame, elf_legates, uniq_fannar
IceCv:    ice_cave_caverns_01

Skill      XL: |  1  2  3  4  5  6  7  8  9 10 11 12 |
---------------+-------------------------------------+-----
Armour         | 4 5 6 8 9 11 13 | 13.5
Shields        | 4 5 6 7 8 9 |  9.6
Long Blades    | 3 4 5 6 8 9 11 12 14 | 14.5
Fighting       | 4 5 6 8 9 10 11 | 11.3
Dodging        | 1 2 3 |  3.7
Stealth        | 1 2 |  2.4
Invocations    | |  0.2
Evocations     | |  0.6

Action                     |  1- 3 |  4- 6 |  7- 9 | 10-12 || total
---------------------------+-------+-------+-------+-------++-------
  Melee: Long sword        |    89 |    23 |   464 |   635 ||  1211
         Headbutt          |    18 |     1 |    73 |   158 ||   250
 Invoke: Heroism           |       |       |       |     5 ||     5
  Evoke: Wand              |       |       |       |     5 ||     5
    Use: Scroll            |     1 |     4 |     4 |     6 ||    15
         Potion            |       |       |     1 |       ||     1
 Armour: Scale mail        |    46 |    13 |     5 |       ||    64
         Chain mail        |       |       |   170 |    48 ||   218
         Plate armour      |       |       |       |   224 ||   224
  Dodge: Dodged            |    43 |    24 |   142 |   161 ||   370
  Block: Buckler           |    17 |     6 |    84 |    51 ||   158
         Kite shield       |       |       |       |   190 ||   190
